 Dungeon Crawl Stone Soup version 0.22-a0-833-g8522bf8 (webtiles) character file.

4225 Amnesiac the Thaumaturge (level 10, -6/66 HPs)
             Began as a Mummy Earth Elementalist on July 25, 2018.
             Was an Elder of Vehumet.
             Mangled by a centaur warrior (12 damage)
             ... on level 8 of the Dungeon.
             The game lasted 00:17:01 (7954 turns).

Amnesiac the Thaumaturge (Mummy Earth Elementalist) Turns: 7954, Time: 00:17:02

Health: -6/66      AC:  8    Str: 12    XL:     10   Next: 9%
Magic:  11/24      EV: 12    Int: 18    God:    Vehumet [****..]
Gold:   534        SH:  0    Dex: 17    Spells: 9/29 levels left

rFire    . . .     SeeInvis .   a - +3 spear (venom)
rCold    + . .     Gourm    .   (no shield)
rNeg     + + +     Faith    .   h - +1 leather armour {rF+}
rPois    ∞         Spirit   .   k - +1 helmet
rElec    .         Reflect  .   (no cloak)
rCorr    .         Harm     .   (no gloves)
MR       .....                  (no boots)
Stlth    ++........             (no amulet)
HPRegen  0.21/turn              j - +2 ring of protection
MPRegen  0.19/turn              l - +5 ring of dexterity

@: vulnerable
A: no food or potions, fire vulnerability, cold resistance 1, negative energy
resistance 3, torment resistance, unbreathing
a: Renounce Religion


You were on level 8 of the Dungeon.
You worshipped Vehumet.
Vehumet was greatly pleased with you.
You were not hungry.

You visited 2 branches of the dungeon, and saw 9 of its levels.
You also visited: Ossuary.

You collected 534 gold pieces.

Inventory:

Hand Weapons
 a - a +3 spear of venom (weapon)
 b - the +5 scythe "Finisher" {speed, Str+3}
   (You found it on level 4 of the Dungeon)

   Attacks with this weapon are significantly faster.
   It affects your strength (+3).
 t - a +1 dagger of venom
Missiles
 g - 109 arrows
 n - 205 stones (quivered)
Armour
 f - a scarf of spirit shield
 h - a +1 leather armour of fire resistance (worn)
 k - a +1 helmet (worn)
Jewellery
 j - a +2 ring of protection (left hand)
 l - a +5 ring of dexterity (right hand)
 s - an uncursed ring of protection from magic
Wands
 e - a wand of disintegration (13)
 m - a wand of random effects (33)
 u - a wand of polymorph (8)
Scrolls
 c - a scroll of noise {!r}
 d - 7 scrolls of remove curse {!r}
 i - 2 scrolls of amnesia {!r}
 o - 2 scrolls of fog {!r}
 q - a scroll of teleportation {!r}
 r - a scroll of enchant armour {!r}


   Skills:
 + Level 1.6 Fighting
 + Level 2.2 Dodging
 - Level 1.5 Stealth
 - Level 10.1 Spellcasting
 - Level 0.7 Transmutations
 + Level 10.1 Earth Magic
 + Level 1.3 Evocations


You had 9 spell levels left.
You knew the following spells:

 Your Spells              Type           Power        Failure   Level  Hunger
a - Sandblast             Erth           #####.       1%          1    N/A
b - Passwall              Tmut/Erth      ####....     1%          2    N/A
c - Stone Arrow           Conj/Erth      ####..       1%          3    N/A
d - Lee's Rapid Deconstr  Erth           #####.....   1%          5    N/A
e - Petrify               Tmut/Erth      ####....     11%         4    N/A
f - Sticks to Snakes      Tmut           ##......     11%         2    N/A
s - Conjure Flame         Conj/Fire      #.......     9%          3    N/A

Your spell library contained the following spells:

 Spells                   Type           Power        Failure   Level  Hunger
 Magic Dart               Conj           #...         2%          1    N/A
 Spider Form              Tmut/Pois      ##........   26%         3    N/A
 Blade Hands              Tmut           ##........   90%         5    N/A
 Ice Form                 Ice/Tmut       ##......     65%         4    N/A
 Beastly Appendage        Tmut           ##....       8%          1    N/A

Dungeon Overview and Level Annotations

Branches:
Dungeon (8/15)             Temple (1/1) D:7
   Lair: D:8-11

Altars:
Ashenzari
Cheibriados
Dithmenos
Elyvilon
Gozag
Hepliaklqana
Kikubaaqudgha
Makhleb
Nemelex Xobeh
Qazlal
Ru
Sif Muna
Trog
Uskayaw
Vehumet
Wu Jian
Xom
Zin
The Shining One
Jiyva

Annotations:
D:5 Meatbag's ghost, novice GrBe


Innate Abilities, Weirdness & Mutations

You do not eat or drink.
Your flesh is vulnerable to fire.
You are immune to poison.
Your flesh is cold resistant. (rC+)
You are immune to negative energy. (rN+++)
You are immune to unholy pain and torment.
You can survive without breathing.


Message History

The centaur warrior wields a shortbow.
The centaur warrior shoots an arrow.
The arrow hits you!
You see here an arrow.
A centaur warrior is nearby!
Really read
p - a scroll labeled RIOGAWN KOTZ {!r}?
As you read the scroll labeled RIOGAWN KOTZ {!r}, it crumbles to dust.
Magic quickly surges around you.
It was a scroll of vulnerability {!r}.
Really read
v - a scroll labeled POEM JUKUW {!r}?
As you read the scroll labeled POEM JUKUW {!r}, it crumbles to dust.
You feel a surge of unholy energy.
It was a scroll of torment {!r}.
The centaur warrior unwields an uncursed shortbow.
The centaur warrior hits you!
* * * LOW HITPOINT WARNING * * *
The centaur warrior hits you!
* * * LOW HITPOINT WARNING * * *
Okay, then.
Evoke which item? (* to show all) (? for menu, Esc to quit)
Okay, then.
You can't drink.
Really read
q - a scroll of teleportation {!r}?
Okay, then.
Okay, then.
Casting: Sandblast (safe; 1% risk of failure)
Confirm with . or Enter, or press ? or * to list all spells.
Aiming: Lee's Rapid Deconstruction (safe; 1% risk of failure)
Press: ? - help, Dir - move target cursor A rock wall.
The wall shatters!
The blast of rock fragments hits the centaur warrior.
The centaur warrior is lightly wounded.
The centaur warrior hits you!
* * * LOW HITPOINT WARNING * * *
Casting: Lee's Rapid Deconstruction (safe; 1% risk of failure)
Confirm with . or Enter, or press ? or * to list all spells.
Aiming: Lee's Rapid Deconstruction (safe; 1% risk of failure)
Press: ? - help, Dir - move target cursor A rock wall.
The wall shatters!
The blast of rock fragments hits the centaur warrior.
The centaur warrior is lightly wounded.
The centaur warrior closely misses you. The centaur warrior hits you.
* * * LOW HITPOINT WARNING * * *
Casting: Lee's Rapid Deconstruction (safe; 1% risk of failure)
Confirm with . or Enter, or press ? or * to list all spells.
Aiming: Lee's Rapid Deconstruction (safe; 1% risk of failure)
Press: ? - help, Dir - move target cursor A rock wall.
Okay, then.
Okay, then.
Casting: Lee's Rapid Deconstruction (safe; 1% risk of failure)
Confirm with . or Enter, or press ? or * to list all spells.
Aiming: Lee's Rapid Deconstruction (safe; 1% risk of failure)
Press: ? - help, Dir - move target cursor A rock wall.
Okay, then.
Casting: Lee's Rapid Deconstruction (safe; 1% risk of failure)
Confirm with . or Enter, or press ? or * to list all spells.
Aiming: Petrify (safe; 11% risk of failure)
Press: ? - help, Shift-Dir - straight line, f - centaur warrior
Aim: a centaur warrior (lightly wounded, chance to defeat MR: 39%)
The centaur warrior is moving more slowly.
The centaur warrior completely misses you.
The centaur warrior hits you!
You die...

c.....## ##.# #.#.#
...... #. #.#.#
....# ## # #.#.# ...
..# #.# #.# #.# >#
#(# #.# # #.####.#
#. #...c..# #.
#.#.### #####@.#
#.###...†.. #..#
#....## #.# ###.#
......###. ##...##
... #.#.#
##.#...#### #.# #.##
#.........###.####.#
##.....#...........#
#.#...###.#########
#8#####8...#


You could see a centaur warrior (petrifying).

Vanquished Creatures
  A death yak (D:7)
  Pikel (D:4)
  Grinder (D:3)
  A water moccasin (D:6)
  An orc warrior (D:7)
  2 phantoms
  An ice beast (D:8)
  A necrophage (D:5)
  4 ogres
  A centaur (D:6)
  3 bullfrogs
  A water moccasin zombie (Ossuary)
  A wyvern skeleton (D:8)
  4 wights (D:6)
  5 howler monkeys
  A crimson imp (D:5)
  5 hounds
  2 quasits (D:5)
  A jelly (D:3)
  5 orc priests
  7 orc wizards
  Jessica (D:3)
  An iguana (D:7)
  Natasha (thrice) (D:3)
  3 worker ants
  3 big kobold zombies (Ossuary)
  2 mummies (Ossuary)
  A howler monkey zombie (D:8)
  A worker ant zombie (D:6)
  12 gnolls
  4 adders
  A shadow imp (D:5)
  An ooze (D:4)
  8 adder zombies
  2 adder skeletons
  A worm (D:2)
  11 leopard geckos
  31 orcs
  A ball python (D:1)
  11 bats
  6 giant cockroaches
  10 goblins
  7 hobgoblins
  4 jackals
  9 kobolds
  6 quokkas
  5 frilled lizards
  5 gnoll zombies (Ossuary)
  7 hobgoblin zombies (Ossuary)
  3 kobold zombies (Ossuary)
  A leopard gecko skeleton (D:7)
  An orc zombie (Ossuary)
  4 rats
215 creatures vanquished.

Vanquished Creatures (collateral kills)
  A gnoll shaman (D:8)
  An orc wizard (D:8)
  A gnoll (D:8)
  An orc (D:8)
4 creatures vanquished.

Vanquished Creatures (others)
  5 toadstools (D:1)
5 creatures vanquished.

Grand Total: 224 creatures vanquished

Notes
Turn   | Place    | Note
-------+----------+-------------------------------------------
     0 | D:1      | Amnesiac the Mummy Earth Elementalist began the quest for the Orb.
     0 | D:1      | Reached XP level 1. HP: 13/13 MP: 4/4
   122 | D:2      | Found a radiant altar of Vehumet.
   124 | D:2      | Identified Vehumet's Disquisition on Conjuration
   127 | D:2      | Became a worshipper of Vehumet
   134 | D:2      | Found an ancient bone altar of Kikubaaqudgha.
   136 | D:2      | Reached XP level 2. HP: 19/19 MP: 3/5
   137 | D:2      | Found a deep blue altar of Sif Muna.
   146 | D:2      | Learned a level 2 spell: Passwall
   678 | D:1      | Reached XP level 3. HP: 24/24 MP: 4/7
   683 | D:1      | Learned a level 3 spell: Stone Arrow
  1415 | D:3      | Noticed Jessica
  1421 | D:3      | Killed Jessica
  1484 | D:3      | Reached XP level 4. HP: 28/30 MP: 5/9
  1609 | D:3      | Reached * piety under Vehumet
  1609 | D:3      | Offered knowledge of Sting by Vehumet.
  1709 | D:3      | Noticed Natasha
  1997 | D:3      | Killed Natasha
  1997 | D:3      | Reached XP level 5. HP: 30/35 MP: 7/11
  2003 | D:3      | Learned a level 4 spell: Petrify
  2064 | D:3      | Noticed Grinder
  2065 | D:3      | Paralysed by Grinder for 4 turns
  2080 | D:3      | Killed Grinder
  2080 | D:3      | Reached skill level 5 in Spellcasting
  2080 | D:3      | Reached skill level 5 in Earth Magic
  2080 | D:3      | Reached XP level 6. HP: 34/41 MP: 4/13
  2087 | D:3      | Learned a level 5 spell: Lee's Rapid Deconstruction
  2143 | D:3      | Found a snail-covered altar of Cheibriados.
  2177 | D:3      | Noticed Natasha
  2187 | D:3      | Killed Natasha
  2373 | D:3      | Noticed Natasha
  2393 | D:3      | Killed Natasha
  2867 | D:4      | Reached XP level 7. HP: 31/46 MP: 9/15
  2873 | D:4      | Reached ** piety under Vehumet
  2981 | D:4      | Found a hide-covered altar of Uskayaw.
  3004 | D:4      | Found a shadowy altar of Dithmenos.
  3036 | D:4      | Found the +5 scythe "Finisher" {speed, Str+3}
  3064 | D:4      | Found a glowing silver altar of Zin.
  3064 | D:4      | Found a shattered altar of Ashenzari.
  3085 | D:4      | Offered knowledge of Searing Ray by Vehumet.
  3103 | D:4      | Noticed Pikel
  3470 | D:4      | Killed Pikel
  3470 | D:4      | Reached XP level 8. HP: 14/52 MP: 2/18
  3753 | D:4      | Found a bloodstained altar of Trog.
  4056 | D:5      | Entered Level 5 of the Dungeon
  4456 | D:5      | Found a transporter.
  4463 | D:5      | Found a transporter.
  4467 | D:5      | Noticed Meatbag's ghost (novice GrBe)
  4626 | D:5      | Offered knowledge of Conjure Flame by Vehumet.
  4774 | D:5      | Learned a level 2 spell: Sticks to Snakes
  5036 | D:6      | Reached XP level 9. HP: 37/57 MP: 21/21
  5180 | D:6      | Learned a level 3 spell: Conjure Flame
  5245 | D:6      | Reached *** piety under Vehumet
  5312 | D:6      | Found an ornate altar of the Wu Jian Council.
  5876 | D:7      | Found a glowing golden altar of the Shining One.
  6337 | D:7      | Offered knowledge of Ignite Poison by Vehumet.
  6414 | D:7      | Found a staircase to the Ecumenical Temple.
  6556 | Temple   | Entered the Ecumenical Temple
  7236 | D:8      | Noticed a death yak
  7236 | D:8      | Noticed a death yak
  7238 | D:8      | Noticed a death yak
  7238 | D:8      | Noticed a death yak
  7239 | D:8      | Noticed a death yak
  7241 | D:8      | Noticed a death yak
  7311 | D:7      | Killed a death yak
  7311 | D:7      | Reached skill level 10 in Spellcasting
  7311 | D:7      | Reached skill level 10 in Earth Magic
  7437 | D:8      | Reached **** piety under Vehumet
  7448 | D:8      | Reached skill level 1 in Fighting
  7512 | D:8      | Reached XP level 10. HP: 51/65 MP: 24/24
  7516 | D:8      | Offered knowledge of Bolt of Magma by Vehumet.
  7580 | D:8      | Reached skill level 1 in Evocations
  7660 | D:8      | Found a sand-covered staircase.
  7669 | Ossuary  | Entered an ossuary
  7942 | D:8      | Noticed a centaur warrior
  7954 | D:8      | Mangled by a centaur warrior

Vault maps used:
D:1:      ldierk_walled_garden
D:2:      grunt_temple_overflow_magic_moments
D:3:      cheibriados_altar_1, uniq_jessica, uniq_grinder, uniq_natasha
D:4:      grunt_dithmenos_shadows, gammafunk_temple_overflow_wave,
          nicolae_overflow_crystal_walls, trog_three_pillars_becter, uniq_pikel
D:5:      gammafunk_ghost_stat_death, first_ration, minmay_misc_feat_diagonals
D:6:      lemuel_crystal_altar
D:7:      lemuel_crystal_altar, temple_hall
D:8:      corexii_shack_village, lemuel_round_altar,
          lemuel_zombie_altar_yredelemnul, old_standard_altar,
          dpeg_lair_monsters, lightli_ossuary_entry_decrepit_ruins,
          hangedman_ranch, uniq_joseph
Temple:   pf_slimified_temple
Ossuary:  ossuary_tomb_2

Skill      XL: |  1  2  3  4  5  6  7  8  9 10 |
---------------+-------------------------------+-----
Spellcasting   | 3 4 5 7 8 10 | 10.1
Earth Magic    | 3 4 5 7 8 10 | 10.1
Fighting       | 1 |  1.6
Dodging        | 2 |  2.2
Evocations     | 1 |  1.3
Stealth        | |  1.5
Transmutations | |  0.7

Action                   |  1- 3 |  4- 6 |  7- 9 | 10-12 || total
-------------------------+-------+-------+-------+-------++-------
Melee: Unarmed           |     3 |       |       |       ||     3
       Spear             |       |    69 |   225 |   183 ||   477
       Scythe            |       |       |    33 |       ||    33
 Cast: Sandblast         |    51 |    35 |    55 |     5 ||   146
       Lee's Rapid Decon |       |       |    32 |     2 ||    34
       Passwall          |       |       |     1 |       ||     1
       Petrify           |       |       |       |     1 ||     1
Evoke: Wand              |       |       |     1 |       ||     1
  Use: Scroll            |       |     6 |    11 |     2 ||    19
 Stab: Sleeping          |       |     2 |     5 |     3 ||    10
       Distracted        |       |       |     1 |       ||     1
Armor: Robe              |     2 |    14 |     3 |       ||    19
       Leather armour    |       |       |    55 |    63 ||   118
Dodge: Dodged            |    16 |    47 |   188 |    92 ||   343

Table legend:
 A = Spawn XP
 B = Non-spawn XP
 C = Spawn XP percentage of total XP
 D = Spawn monster count
 E = Non-spawn monster count
 F = Spawn count percentage of total count
 G = Total turns spent on level
                    A         B        C        D         E        F      G
               +---------+---------+-------+---------+---------+-------+---------
         Total |       0 |    6036 |   0.0 |       0 |     219 |   0.0 |  7954
               +---------+---------+-------+---------+---------+-------+---------
           D:1 |       0 |      34 |   0.0 |       0 |      19 |   0.0 |   884
           D:2 |       0 |      24 |   0.0 |       0 |      12 |   0.0 |   782
           D:3 |       0 |     590 |   0.0 |       0 |      34 |   0.0 |  1287
           D:4 |       0 |    1284 |   0.0 |       0 |      26 |   0.0 |  1103
           D:5 |       0 |     807 |   0.0 |       0 |      28 |   0.0 |   907
           D:6 |       0 |     860 |   0.0 |       0 |      18 |   0.0 |  1124
           D:7 |       0 |    1470 |   0.0 |       0 |      23 |   0.0 |   941
           D:8 |       0 |     709 |   0.0 |       0 |      30 |   0.0 |   374
       Ossuary |       0 |     258 |   0.0 |       0 |      29 |   0.0 |   262
               +---------+---------+-------+---------+---------+-------+---------
